Map: Turbo Cruise '84 LE

Players

PeLLy

  • Race: Zerg Zerg
  • League: Diamond
  • Spawn Location: 3:00

Cookie - Winner!

  • Race: Terran Terran
  • Spawn Location: 7:00

VOD

Have the link to the VOD?

Description

Time

  • Played on: Aug. 7, 2019, 3:43 p.m.
  • Length: 12:17
Show
View Real Time Build Order
Export as new Build Order

PeLLy Zerg 

Build Orders: Hatch First 

Get SALT Encoding   

  12  0:01  Drone  
  13  0:14  Overlord  
  13  0:23  Drone  
  14  0:33  Drone x2  
  16  0:37  Drone  
  17  0:48  Drone  
  18  0:56  Hatchery  
  17  0:59  Drone  
  18  1:04  Extractor  
  17  1:15  Spawning Pool  
  17  1:17  Drone  
  17  1:21  Drone  
  18  1:30  Drone  
  19  1:41  Overlord  
  19  1:54  Drone  
  20  2:04  Drone  
  20  2:06  Queen  
  20  2:08  Queen  
  23  2:10  Drone  
  26  2:17  Drone  
  26  2:20  Metabolic Boost  
  26  2:22  Drone  
  28  2:25  Drone  
  29  2:31  Overlord  
  29  2:36  Drone  
  30  2:41  Drone  
  31  2:51  Drone x2  
  31  2:52  Evolution Chamber x2  
  31  2:53  Queen  
  33  2:59  Drone  
  34  3:14  Overlord  
  34  3:16  Hatchery  
  33  3:20  Zerg Melee Weapons Level 1  
  33  3:23  Drone, Extractor  
  33  3:41  Drone  
  33  3:42  Drone x2  
  33  3:46  Lair  
  36  3:49  Drone  
  36  3:50  Drone x5  
  42  3:57  Drone  
  42  3:58  Drone  
  42  4:01  Extractor  
  43  4:03  Extractor, Overlord  
  42  4:21  Drone, Spore Crawler  
  42  4:22  Drone  
  42  4:23  Drone  
  42  4:24  Drone x4  
  48  4:32  Zerg Ground Armor Level 1  
  48  4:40  Baneling Nest  
  48  4:42  Queen  
  49  4:51  Zergling x10  
  54  4:55  Drone x2  
  54  4:59  Drone  
  58  5:00  Drone  
  58  5:12  Overlord x3  
  58  5:19  Roach Warren  
  57  5:22  Hydralisk Den  
  57  5:23  Zerg Missile Weapons Level 1  
  57  5:29  Zergling x2  
  57  5:30  Zergling x8  
  57  5:33  Spore Crawler  
  61  5:37  Extractor  
  60  5:49  Zergling x8  
  68  5:50  Zergling x10  
  68  5:52  Overseer  
  68  5:53  Pneumatized Carapace  
  69  6:01  Spire  
  68  6:11  Drone x6  
  69  6:14  Overlord  
  74  6:19  Muscular Augments  
  74  6:23  Centrifical Hooks  
  73  6:47  Overseer x2  
  73  6:49  Spore Crawler  
  73  6:51  Drone x5  
  73  6:52  Drone  
  78  7:02  Zergling x22  
  78  7:04  Overlord x2  
  89  7:22  Hatchery  
  88  7:27  Zerg Missile Weapons Level 2  
  88  7:28  Zerg Melee Weapons Level 2  
  88  7:32  Infestation Pit, Hydralisk  
  88  7:33  Hydralisk x2  
  93  7:37  Baneling  
  93  7:38  Baneling x4  
  89  7:58  Zergling x28  
  80  8:04  Zergling x2  
  80  8:05  Zergling x6  
  83  8:09  Hydralisk x2  
  87  8:15  Drone  
  81  8:35  Hydralisk  
  81  8:36  Hydralisk x6  
  75  8:56  Grooved Spines  
  75  8:58  Hive  
  75  9:00  Hydralisk x6  
  75  9:01  Hydralisk  
  89  9:09  Extractor  
  89  9:10  Drone x5  
  89  9:17  Hydralisk x2  
  97  9:30  Zergling x14  
  104  9:35  Queen  
  104  9:36  Queen  
  104  9:37  Hydralisk  
  110  9:44  Hydralisk  
  112  9:47  Overlord x2  
  112  9:54  Baneling x8  
  112  10:08  Drone x7  
  119  10:16  Hydralisk x4  
  119  10:21  Overlord x4  
  127  10:31  Greater Spire  
  127  10:35  Adrenal Glands  
  78  11:05  Hydralisk x9  
  78  11:06  Zergling x8  
  78  11:07  Zergling x4  
  92  11:21  Corruptor x4  
  100  11:28  Overlord  
  100  11:29  Overlord x2  
  98  11:33  Baneling x7  
  98  11:39  Hydralisk x4  
  104  11:42  Zergling x2  
  104  11:43  Zergling x2  
  108  11:47  Overlord  
  107  11:58  Zergling x10  
Show
View Real Time Build Order
Export as new Build Order

Cookie Terran - Winner!

Build Orders: Command Center First (CC) 

Get SALT Encoding   

  12  0:00  SCV  
  13  0:13  SCV  
  14  0:22  Supply Depot  
  14  0:25  SCV  
  15  0:43  SCV  
  16  0:55  SCV  
  17  1:01  Command Center  
  17  1:08  SCV  
  18  1:18  Barracks  
  18  1:21  SCV  
  19  1:33  SCV  
  20  1:41  Barracks  
  20  1:45  SCV  
  21  1:47  Refinery  
  21  1:53  Refinery  
  21  1:58  SCV  
  22  2:13  Marine  
  22  2:14  Orbital Command  
  23  2:29  Barracks Reactor  
  23  2:30  Marine  
  23  2:36  Orbital Command  
  24  2:46  SCV  
  24  2:48  Marine  
  26  2:52  Factory  
  26  3:01  SCV  
  26  3:03  SCV  
  28  3:07  Marine x2  
  28  3:09  Barracks Reactor  
  30  3:13  Barracks  
  30  3:14  SCV  
  30  3:19  Refinery  
  31  3:23  SCV  
  31  3:26  SCV  
  33  3:35  SCV  
  33  3:37  Refinery, Factory Tech Lab  
  33  3:38  SCV  
  33  3:41  Supply Depot  
  35  3:49  Engineering Bay  
  35  3:50  Engineering Bay  
  35  3:56  SCV x2  
  37  4:04  Supply Depot, Siege Tank  
  37  4:07  Barracks Tech Lab  
  40  4:13  Barracks  
  40  4:19  SCV x2  
  40  4:23  Terran Infantry Weapons Level 1  
  42  4:27  Terran Infantry Armor Level 1  
  42  4:31  Stimpack  
  42  4:35  SCV x2  
  44  4:46  Starport  
  44  4:51  Marauder  
  49  4:52  Siege Tank  
  49  4:57  SCV  
  49  4:58  SCV  
  51  5:05  Supply Depot  
  51  5:06  Supply Depot  
  51  5:10  SCV x2  
  53  5:21  Armory  
  53  5:22  SCV  
  53  5:26  Marine x4  
  53  5:27  SCV  
  59  5:29  Barracks Tech Lab, Starport Reactor  
  59  5:38  Supply Depot  
  58  5:43  Marauder  
  58  5:45  Marine x4  
  58  5:48  Siege Tank  
  58  5:49  Combat Shield  
  67  5:53  SCV x2  
  69  6:01  Supply Depot  
  69  6:05  SCV x2  
  69  6:10  Medivac x2  
  75  6:13  Marauder x2  
  75  6:17  Marine x3  
  75  6:18  Marine  
  83  6:23  Supply Depot  
  83  6:38  Marine x4  
  83  6:39  Marauder x2  
  94  6:40  Siege Tank  
  94  6:42  Drilling Claws  
  94  6:50  Factory  
  94  6:52  Supply Depot  
  94  6:53  Supply Depot  
  94  7:07  Medivac  
  96  7:10  Medivac, Command Center  
  98  7:22  Marine x2  
  98  7:23  Marauder x2, Marine  
  105  7:37  Medivac  
  105  7:40  Medivac  
  62  8:07  Marine x2  
  62  8:08  Marauder x2, Marine x2  
  68  8:32  Factory Reactor  
  61  8:45  Marine  
  61  8:46  Marine x4  
  61  8:47  Medivac, Siege Tank  
  65  8:57  Supply Depot  
  65  9:00  Medivac  
  67  9:03  Marine x3  
  67  9:04  Marauder x2  
  74  9:11  Widow Mine x2  
  78  9:17  Terran Infantry Weapons Level 2, Medivac, Terran Vehicle Weapons Level 1  
  78  9:19  Terran Infantry Armor Level 2, Siege Tank  
  78  9:21  Marine x2  
  85  9:24  Barracks Reactor  
  85  9:26  Marauder x2  
  89  9:33  Widow Mine x2  
  93  9:39  Marine x2  
  95  9:47  Marauder x2  
  99  9:56  Widow Mine x2  
  99  9:57  Medivac, Siege Tank  
  99  9:58  Marine x2  
  110  10:00  Marine  
  111  10:08  Marauder, Marine  
  114  10:16  Marine x2  
  114  10:17  Starport  
  116  10:23  Starport  
  116  10:26  Marauder  
  118  10:29  Marine, Siege Tank  
  118  10:30  Marine  
  118  10:31  Marine  
  118  10:32  Widow Mine x2, Refinery  
  118  10:34  Marine x2  
  118  10:35  Refinery  
  120  10:48  Marine x2, Marauder x2  
  113  10:52  Marine x2  
  110  11:06  Marine  
  110  11:09  Marine x2, Marauder  
  110  11:10  Marauder, Marine, Command Center  
  118  11:52  Marine  
  118  11:53  Marine  
  118  11:54  Marauder  
Tags
 
Add a new tag
Caveats
  • Supply blocks, unpowered buildings, or Contaminate may cause inaccurate times.
  • Supply counts are checked every 10 seconds.